 Dungeon Crawl Stone Soup version 0.25.1-2-g60ff931df9 (webtiles) character file.

Game seed: 18122624624905411080

100 Almogavar the Vandal (level 5, -2/34 HPs)
             Began as a Halfling Hunter on Sept 4, 2020.
             Slain by Grinder (10 damage)
             ... on level 3 of the Dungeon.
             The game lasted 00:11:11 (3752 turns).

Almogavar the Vandal (Halfling Hunter)              Turns: 3752, Time: 00:11:12

Health: -2/34      AC:  4    Str: 14    XL:     5   Next: 3%
Magic:  5/5        EV: 15    Int:  9    God:
Gold:   99         SH:  0    Dex: 15    Spells: 4/4 levels left

rFire    . . .     SeeInvis .   g - +0 dagger (curse)
rCold    . . .     Gourm    .   (shield restricted)
rNeg     . . .     Faith    .   c - +0 leather armour
rPois    .         Spirit   .   (no helmet)
rElec    .         Reflect  .   e - +0 cloak
rCorr    .         Harm     .   (no gloves)
MR       .....                  (no boots)
Stlth    ++........             i - amulet of the acrobat
HPRegen  0.11/turn              (no ring)
MPRegen  0.09/turn              (no ring)

@: no status effects
A: small, mutation resistance 1
a: no special abilities


You were on level 3 of the Dungeon.
You were not hungry.

You visited 1 branch of the dungeon, and saw 3 of its levels.

You collected 99 gold pieces.

Inventory:

Hand Weapons
 a - a +1 hunting sling
 b - a +0 short sword
 g - a cursed +0 dagger (weapon)
Missiles
 d - 17 sling bullets
 j - 7 stones (quivered)
Armour
 c - a +0 leather armour (worn)
 e - a +0 cloak (worn)
 k - a cursed +0 scale mail
 m - a +0 ring mail
Jewellery
 i - an amulet of the acrobat (around neck)
Scrolls
 o - a scroll of teleportation
Potions
 f - a potion of curing {unknown}
 h - 2 potions of heal wounds {unknown}
 l - a potion of cancellation
Comestibles
 n - 2 chunks of flesh


   Skills:
 + Level 2.2 Fighting
 + Level 1.9 Short Blades
 + Level 7.0 Slings
 + Level 1.6 Armour
 + Level 2.6 Dodging
 + Level 1.4 Stealth


You had 4 spell levels left.
You didn't know any spells.
Your spell library was empty.

Dungeon Overview and Level Annotations

Branches:
Dungeon (3/15)

Altars:

Annotations:
D:3 Grinder


Innate Abilities, Weirdness & Mutations

You are small and have problems with some larger weapons.
You are somewhat resistant to further mutation.


Message History

You closely miss Grinder. You hit Grinder but do no damage.
Grinder gestures at you. Pain shoots through your body!
You barely miss Grinder.
Grinder says, "Tell me all your secrets, or I'll kill you."
Grinder hits you!
You writhe in agony.
You hit Grinder.
Grinder is lightly wounded.
Grinder barely misses you.
You closely miss Grinder.
Grinder is lightly wounded.
Grinder hits you!
* * * LOW HITPOINT WARNING * * *
You writhe in agony.
* * * LOW HITPOINT WARNING * * *
You hit Grinder but do no damage.
Grinder is lightly wounded.
Grinder hits you!
You die...

#.........#.# ##+##
#.........#.# ....
#.........#.# ....
#.........#.# ...
#.........#.####+#.
#.........'.......รท
#.........#.####...
#####.5.<.....#.#######
#.....@.......#..<.....
#.###.........######...
#.........'....#...
#.........####.#... #
#.#####.....##.#...
#.###. #.....##.#...
#..... #.....##.#...
#...#####.....##.#...
+...'...'.....+.>#...


You could see Grinder.

Vanquished Creatures
  4 adders
  2 oozes
  2 worms (D:2)
  2 dart slugs (D:2)
  2 leopard geckos
  2 ball pythons
  A giant cockroach (D:3)
  6 goblins
  5 hobgoblins
  4 kobolds
  A quokka (D:2)
  6 bats
  5 frilled lizards
  6 rats
48 creatures vanquished.

Notes
Turn   | Place    | Note
-------+----------+-------------------------------------------
     0 | D:1      | Almogavar the Halfling Hunter began the quest for the Orb.
     0 | D:1      | Reached XP level 1. HP: 14/14 MP: 1/1
    18 | D:1      | Reached skill level 6 in Slings
   189 | D:1      | Reached XP level 2. HP: 19/19 MP: 2/2
   740 | D:1      | Reached XP level 3. HP: 24/24 MP: 3/3
  1070 | D:1      | Reached skill level 7 in Slings
  1290 | D:2      | Reached skill level 1 in Short Blades
  1438 | D:2      | Reached XP level 4. HP: 6/29 MP: 4/4
  1725 | D:2      | Reached skill level 1 in Armour
  2434 | D:2      | HP: 1/29 [worm (8)]
  3320 | D:2      | Reached XP level 5. HP: 10/34 MP: 5/5
  3718 | D:3      | Noticed Grinder
  3720 | D:3      | Paralysed by Grinder for 3 turns
  3752 | D:3      | Slain by Grinder

Illustrated notes

Levels and vault maps discovered:
D:1:      roderic_chinese_lattice_arrival, layout_basic
D:2:      layout_basic, minmay_pentomino_u2
D:3:      layout_basic, chequers_ecumenical_altar_simple_redux, uniq_grinder

Skill      XL: |  1  2  3  4 |
---------------+-------------+-----
Slings         | 6 7 |  7.0
Short Blades   | 1 |  1.9
Fighting       | 2 |  2.2
Armour         | 1 |  1.6
Dodging        | |  2.6
Stealth        | |  1.4

Action                   |  1- 3 |  4- 6 || total
-------------------------+-------+-------++-------
Melee: Short sword       |    52 |       ||    52
       Dagger            |    51 |   179 ||   230
 Fire: Hunting sling     |    22 |       ||    22
  Use: Scroll            |     3 |     2 ||     5
       Potion            |     1 |       ||     1
 Stab: Sleeping          |     1 |     4 ||     5
  Eat: Chunk             |     2 |     4 ||     6
       Ration            |       |     1 ||     1
Armor: Leather armour    |    36 |    26 ||    62
Dodge: Dodged            |    82 |   122 ||   204
